 Dungeon Crawl Stone Soup version 0.18-a0-1649-g8d9735b (webtiles) character file.

130087 Ijustatesigmund the Unseen (level 17, -12/106 HPs)
             Began as a Kobold Assassin on Mar 29, 2016.
             Was the Champion of Cheibriados.
             Mangled by an ice dragon (14 damage)
             ... on level 1 of the Depths.
             The game lasted 02:33:12 (36885 turns).

Ijustatesigmund the Unseen (Kobold Assassin)       Turns: 36885, Time: 02:33:13

Health: -12/106    AC: -1    Str: 20    XL:     17   Next: 63%
Magic:  25/26      EV: 23    Int: 29    God:    Cheibriados [******]
Gold:   2584       SH: 11    Dex: 37    Spells: 4 memorised, 12 levels left

rFire  + . .     SeeInvis +     R - +2 short sword (vamp)
rCold  . . .     Gourm    .     x - +14 plate armour of the Gate {MR++ Regen+ Str-4 Int+2}
rNeg   . . .     Faith    +     W - +1 buckler {rF+}
rPois  .         Spirit   .     h - +0 mask of the Dragon {MR+ Slay+3 SInv}
rElec  .         Dismiss  .     d - +2 cloak
rCorr  .         Reflect  .     (no gloves)
SustAt .         Harm     .     m - +2 pair of boots
MR     +++++     Clarity  +     P - amulet of faith
Stlth  ++++......               Z - ring of wizardry
                                G - ring of protection from magic

@: corroded, very slow, almost entirely resistant to hostile enchantments,
stealthy
A: claws 1, carnivore 3, clarity, high mp 1
a: Bend Time, Temporal Distortion, Slouch, Step From Time, Renounce Religion


You were on level 1 of the Depths.
You worshipped Cheibriados.
Cheibriados was exalted by your worship.
You were very full.

You visited 5 branches of the dungeon, and saw 27 of its levels.
You also visited: Ice Cave and Volcano.

You collected 2642 gold pieces.
You spent 58 gold pieces at shops.

Inventory:

Hand Weapons
 b - a +2 blowgun
 q - a +2 dagger of venom
 R - a +2 vampiric short sword (weapon)
 U - a +2 short sword of flaming
 X - a +0 short sword of protection
Missiles
 e - 97 poisoned needles
 j - 4 tomahawks of returning (quivered)
 K - 12 curare-tipped needles
Armour
 d - a +2 cloak (worn)
 h - the +0 mask of the Dragon (worn) {MR+ Slay+3 SInv}
   (You found it on level 5 of the Dungeon)

   It affects your accuracy and damage with ranged weapons and melee attacks
   (+3).
   It affects your resistance to hostile enchantments.
   It lets you see invisible.
 m - a +2 pair of boots (worn)
 x - the +14 plate armour of the Gate (worn) {MR++ Regen+ Str-4 Int+2}
   (You found it on level 14 of the Dungeon)

   It affects your strength (-4).
   It affects your intelligence (+2).
   It affects your resistance to hostile enchantments.
   It increases your rate of regeneration.
 W - a +1 buckler of fire resistance (worn)
Rods
 N - a +0 rod of clouds (11/11)
   (You found it on level 10 of the Dungeon)
Jewellery
 p - a +2 ring of protection
 G - a ring of protection from magic (left claw)
 I - an uncursed ring of magical power
 P - an amulet of faith (around neck)
 Z - a ring of wizardry (right claw)
Wands
 f - a wand of heal wounds (3/9)
 o - a wand of acid (7/15)
 w - a wand of teleportation (1/9)
 y - a wand of lightning (10/15)
 D - a wand of enslavement (10/24)
 E - a wand of polymorph (9/24)
 F - a wand of lightning (4/15)
 J - a wand of confusion (27/48)
 L - a wand of disintegration (5/24)
 M - a wand of teleportation (2/9)
 O - a wand of iceblast (5/15)
Scrolls
 a - a scroll of fog
 t - 6 scrolls of remove curse
 v - 3 scrolls of amnesia
 A - a scroll of blinking
 Q - 6 scrolls of identify
 V - 2 scrolls of recharging
Potions
 c - 5 potions of agility
 k - 6 potions of flight
 n - 4 potions of lignification
 r - 2 potions of might
 s - 4 potions of brilliance
 z - a potion of ambrosia
 C - 3 potions of curing
 T - a potion of cure mutation
Comestibles
 g - 18 meat rations
 u - 22 beef jerkies


   Skills:
 - Level 12.1 Fighting
 - Level 14.0 Short Blades
 - Level 8.0 Throwing
 + Level 9.0 Armour
 - Level 14.0 Dodging
 - Level 15.3 Stealth
 - Level 7.0 Shields
 + Level 4.8 Spellcasting
 - Level 3.1 Conjurations
 - Level 5.0 Hexes
 - Level 4.0 Charms
 - Level 5.0 Ice Magic
 - Level 9.0 Invocations
 - Level 7.0 Evocations


You had 12 spell levels left.
You knew the following spells:

 Your Spells              Type           Power        Failure   Level  Hunger
a - Ensorcelled Hibernat  Hex/Ice        #####.       10%         2    None
b - Dazzling Spray        Conj/Hex       ####....     41%         3    #......
c - Ozocubu's Armour      Chrm/Ice       ####....     32%         3    #......
d - Metabolic Englaciati  Hex/Ice        #####.....   98%         5    #####..


Dungeon Overview and Level Annotations

Branches:
Dungeon (15/15)            Temple (1/1) D:7            Lair (8/8) D:11
 Shoals (0/4) Lair:3        Snake (0/4) Lair:3        Slime (0/6) Lair:8
    Orc (2/2) D:10            Elf (0/3) Orc:2        Vaults (0/5) D:13
 Depths (1/5) D:15

Altars:
Ashenzari
Cheibriados
Dithmenos
Elyvilon
Fedhas
Gozag
Kikubaaqudgha
Makhleb
Nemelex Xobeh
Okawaru
Pakellas
Qazlal
Ru
Sif Muna
Trog
Vehumet
Xom
Yredelemnul
Zin
The Shining One
Beogh

Shops:
D:12 [   D:15 [   Orc:2 ((}}

Portals:
Hell: Depths:1

Annotations:
D:3 Robin
D:15 exclusion: Roxanne, Roxanne


Innate Abilities, Weirdness & Mutations

You are small and have problems with some larger weapons.
You are carnivorous and can eat meat at any time.
You have sharp fingernails.
You possess an exceptional clarity of mind.
You have an increased reservoir of magic (+10% MP).


Message History

You block the great orb of eyes's attack.
Your surroundings suddenly seem different.
You start resting.
A sky beast comes into view.
An ice dragon comes into view.
You block the ice dragon's attack. The ice dragon claws you!
The ice dragon tramples you!
You stumble backwards!
The ice dragon breathes frost at you. The blast of cold hits you!
* * * LOW HITPOINT WARNING * * *
You hear two shouts!
You hear a horrible gurgling sound!
The ice dragon bites you!
* * * LOW HITPOINT WARNING * * *
You block the ice dragon's attack. x2
You fail to use your ability.
The ice dragon misses you. The ice dragon barely misses you.
The ice dragon tramples you!
* * * LOW HITPOINT WARNING * * *
You stumble backwards!
You fail to use your ability.
The ice dragon bites you!
You die...

.≈≈≈≈≈...###.#
#..........# ###
..........# #.>.......##
##..........##
#............# # #
#............#
#.#.######..........####
#..#.....#.D@.......##.#
#.D.#....Y............#
#...#...............#
#...#...#.#....##.....#
#...#...#........##.....#
..#...#...#......#......#
#...#...#.............###
.#...#...#...........#
..#...#.............##


You could see an ice dragon and a sky beast.

Vanquished Creatures
  Rupert (Lair:3)
  A tengu reaver (Depths:1)
  2 orc warlords (Orc:2)
  A stone giant (Depths:1)
  3 very ugly things (Depths:1)
  A dire elephant (D:15)
  Azrael (D:15)
  Snorg (D:10)
  2 fire dragons (Depths:1)
  A yaktaur captain (D:13)
  3 jiangshi
  A great orb of eyes (Depths:1)
  An ettin (Depths:1)
  Fannar (Lair:2)
  6 hydras
  2 centaur warriors
  3 tengu warriors
  An ogre mage (D:14)
  9 death yaks
  A vampire mage (D:15)
  5 orc high priests
  Sonja (D:15)
  Nergalle (Lair:1)
  3 skeletal warriors
  3 storm dragon skeletons (Depths:1)
  3 unseen horrors
  A wizard (D:14)
  Pikel (D:6)
  11 hill giants
  6 orc sorcerers
  6 orc knights
  2 wolf spiders
  A necromancer (Depths:1)
  A cyclops (D:15)
  2 manticores (D:15)
  A hornet (Lair:8)
  2 griffons
  2 deep elf magi
  A salamander (D:15)
  An ugly thing (Depths:1)
  2 centaur zombies
  Maurice (Orc:1)
  15 elephants
  A guardian serpent (Lair:8)
  Psyche (D:11)
  3 gargoyles
  A torpor snail (Lair:3)
  11 black mambas
  A molten gargoyle (Volcano)
  19 spiny frogs
  5 rime drakes
  4 centaur skeletons
  A kobold demonologist (D:15)
  8 komodo dragons
  2 yaktaurs (D:13)
  10 polar bears
  A merfolk (D:11)
  3 trolls
  7 two-headed ogres
  25 blink frogs
  3 raiju (Lair:8)
  Sigmund (D:2)
  A boulder beetle (Lair:8)
  5 vampires (D:13)
  A tarantella (shapeshifter) (D:15)
  6 flying skulls (D:13)
  3 wraiths
  A shadow (D:14)
  10 wyverns
  3 water elementals
  2 hungry ghosts
  A steam dragon (D:9)
  35 yaks
  4 fire elementals
  10 hippogriffs
  A golden eye (shapeshifter) (D:14)
  2 basilisks
  2 vampire mosquitoes (D:14)
  Edmund (D:4)
  6 nagas (Lair:3)
  9 wargs
  A soldier ant (D:13)
  10 hell hounds
  10 porcupines
  19 water moccasins
  15 ice beasts
  49 orc warriors
  5 sky beasts
  16 black bears
  3 wasps
  An eye of draining (D:14)
  A necrophage (D:9)
  23 ogres
  A phantom (D:13)
  32 wolves
  12 centaurs
  14 crocodiles
  17 giant frogs
  8 big kobolds
  4 scorpions
  2 wyvern skeletons
  12 killer bees
  3 wights (D:8)
  5 howler monkeys
  3 electric eels
  4 crimson imps
  A giant frog zombie (D:12)
  9 jellies
  2 quasits
  18 hounds
  8 human zombies (D:13)
  35 orc priests
  An iron imp (D:6)
  22 orc wizards
  2 giant frog skeletons
  2 gnoll shamans
  Ijyb (D:2)
  Terence (D:2)
  2 hell rats (D:13)
  4 iguanas
  10 worker ants
  9 sheep
  A worker ant zombie (D:9)
  7 gnolls
  16 adders
  41 river rats
  4 shadow imps
  A white imp (Depths:1)
  An ooze (D:6)
  2 worms (D:2)
  2 adder skeletons
  6 dart slugs
  9 giant geckos
  139 orcs
  2 ball pythons
  6 giant cockroaches
  15 goblins
  5 hobgoblins
  23 jackals
  4 quokkas
  17 bats
  6 giant newts
  30 kobolds
  9 rats
  A fungus (Lair:6)
  2 plants
1070 creatures vanquished.

Vanquished Creatures (collateral kills)
  A killer bee (D:12)
  An orc (D:12)
  A plant (Lair:8)
3 creatures vanquished.

Vanquished Creatures (others)
  A deep troll earth mage (Depths:1)
  2 deep trolls (Depths:1)
  A slave (D:8)
  2 orc warriors (Orc:2)
  A killer bee (D:12)
  A giant frog zombie (D:6)
  A worker ant (D:6)
  3 orcs (D:8)
  2 bushes (D:10)
  29 fungi
  49 plants
92 creatures vanquished.

Grand Total: 1165 creatures vanquished

Notes
Turn   | Place    | Note
--------------------------------------------------------------
     0 | D:1      | Ijustatesigmund the Kobold Assassin began the quest for the Orb.
     0 | D:1      | Reached XP level 1. HP: 12/12 MP: 1/1
   415 | D:1      | Reached XP level 2. HP: 17/17 MP: 2/2
   684 | D:1      | Reached XP level 3. HP: 18/21 MP: 3/3
   769 | D:1      | Reached skill level 6 in Stealth
   891 | D:2      | Noticed Ijyb
   914 | D:2      | Killed Ijyb
   914 | D:2      | Reached XP level 4. HP: 15/26 MP: 4/4
  1130 | D:2      | Noticed Sigmund
  1141 | D:2      | Killed Sigmund
  1141 | D:2      | Reached XP level 5. HP: 20/33 MP: 5/5
  1141 | D:2      | Reached XP level 6. HP: 23/38 MP: 6/6
  1292 | D:2      | Noticed Terence
  1309 | D:2      | Killed Terence
  1334 | D:2      | Found a sacrificial altar of Ru.
  1383 | D:2      | Found an ancient bone altar of Kikubaaqudgha.
  1828 | D:2      | Found a blossoming altar of Fedhas.
  1909 | D:2      | Reached skill level 7 in Stealth
  2375 | D:3      | Found a shimmering altar of Xom.
  2498 | D:3      | Noticed Robin
  2644 | D:4      | Reached XP level 7. HP: 39/43 MP: 7/7
  2970 | D:4      | Reached skill level 5 in Short Blades
  2981 | D:5      | Entered Level 5 of the Dungeon
  3622 | D:4      | Found an opulent altar of Gozag.
  3883 | D:4      | Noticed Edmund
  4241 | D:5      | Reached XP level 8. HP: 17/48 MP: 8/8
  4399 | D:5      | Reached skill level 5 in Dodging
  4775 | D:6      | Noticed Pikel
  4802 | D:6      | Killed Pikel
  4802 | D:6      | Reached skill level 5 in Fighting
  5143 | D:6      | Reached XP level 9. HP: 55/55 MP: 9/9
  5253 | D:6      | Found a burning altar of Makhleb.
  5905 | D:4      | Killed Edmund
  6008 | D:4      | Found a glowing golden altar of the Shining One.
  6368 | D:6      | Reached skill level 10 in Short Blades
  6657 | D:6      | Found a glowing silver altar of Zin.
  7393 | D:7      | Found a shimmering altar of Xom.
  7435 | D:7      | Found a staircase to the Ecumenical Temple.
  7445 | Temple   | Entered the Ecumenical Temple
  7510 | Temple   | Became a worshipper of Cheibriados the Contemplative
  7552 | D:7      | Reached skill level 1 in Shields
  8049 | D:8      | Reached XP level 10. HP: 64/64 MP: 10/10
  8066 | D:8      | Reached skill level 1 in Evocations
  8114 | D:8      | Reached skill level 1 in Invocations
  8419 | D:8      | Reached skill level 8 in Stealth
  8742 | D:8      | Reached * piety under Cheibriados
  9586 | D:9      | Reached skill level 9 in Stealth
  9681 | D:9      | Reached skill level 5 in Evocations
  9737 | D:9      | Reached skill level 10 in Stealth
  9982 | D:9      | Reached ** piety under Cheibriados
 10322 | D:9      | Reached *** piety under Cheibriados
 10507 | D:10     | Entered Level 10 of the Dungeon
 10599 | D:10     | Reached XP level 11. HP: 68/68 MP: 14/16
 10785 | D:10     | Noticed Snorg
 10816 | D:10     | Killed Snorg
 10816 | D:10     | Reached skill level 11 in Stealth
 10842 | D:10     | Found a staircase to the Orcish Mines.
 11168 | D:10     | Noticed a hill giant
 11186 | D:10     | Reached skill level 5 in Invocations
 11218 | D:10     | Reached skill level 12 in Stealth
 11261 | D:10     | Killed a hill giant
 11615 | D:11     | Identified a +0 rod of clouds (11/11) (You found it on level 10 of the Dungeon)
 11748 | D:11     | Reached **** piety under Cheibriados
 11752 | D:11     | Noticed Psyche
 11753 | D:11     | Found a shattered altar of Ashenzari.
 11762 | D:11     | Killed Psyche
 11812 | D:11     | Got a scorched arbalest
 11992 | D:11     | Identified the cursed +1 arbalest of Tanur {flame, MR++} (You found it on level 11 of the Dungeon)
 12028 | D:11     | Found a staircase to the Lair.
 12302 | D:11     | Gained mutation: You have sharp fingernails. [potion of mutation]
 12302 | D:11     | Gained mutation: You have an increased reservoir of magic (+10% MP). [potion of mutation]
 12302 | D:11     | Gained mutation: You possess an exceptional clarity of mind. [potion of mutation]
 12539 | D:12     | Noticed a hill giant
 12678 | D:12     | Found Idarag's Armour Shoppe.
 12686 | D:12     | Bought a +0 pair of boots for 58 gold pieces
 12750 | D:12     | Noticed a hill giant
 12771 | D:12     | Killed a hill giant
 12865 | D:12     | Reached skill level 13 in Stealth
 13232 | D:12     | Killed a hill giant
 13232 | D:12     | Reached XP level 12. HP: 65/73 MP: 19/19
 13402 | Lair:1   | Entered Level 1 of the Lair of Beasts
 13444 | Lair:1   | Learned a level 2 spell: Ensorcelled Hibernation
 13626 | Lair:1   | Identified a scroll of acquirement
 13705 | Lair:1   | Reached skill level 1 in Ice Magic
 13722 | Lair:1   | Reached skill level 1 in Hexes
 13917 | Lair:1   | Reached ***** piety under Cheibriados
 13976 | Lair:1   | Noticed Nergalle
 14000 | Lair:1   | Killed Nergalle
 14290 | Lair:1   | Reached skill level 14 in Stealth
 14751 | Lair:2   | Found a dark tunnel.
 14760 | Volcano  | Entered a volcano
 15785 | Lair:2   | Noticed a seven-headed hydra
 15794 | Lair:2   | Killed a seven-headed hydra
 16103 | Lair:2   | Learned a level 3 spell: Dazzling Spray
 16395 | Lair:3   | Noticed Fannar
 16399 | Lair:3   | Reached skill level 1 in Spellcasting
 16399 | Lair:3   | Reached XP level 13. HP: 78/78 MP: 18/21
 16433 | Lair:2   | Killed Fannar
 16433 | Lair:2   | Reached skill level 1 in Conjurations
 17164 | Lair:3   | Noticed a five-headed hydra
 17170 | Lair:3   | Killed a five-headed hydra
 17179 | Lair:3   | Noticed Rupert
 17181 | Lair:3   | Paralysed by Rupert for 7 turns
 17575 | Orc:1    | Entered Level 1 of the Orcish Mines
 17575 | Orc:1    | Found a frozen archway.
 17581 | IceCv    | Entered an ice cave
 18440 | D:10     | Reached skill level 5 in Throwing
 19138 | Orc:1    | Found a roughly hewn altar of Beogh.
 19211 | Orc:1    | Noticed Maurice
 19218 | Orc:1    | Killed Maurice
 19573 | Orc:1    | Reached ****** piety under Cheibriados
 19638 | Orc:2    | Entered Level 2 of the Orcish Mines
 19640 | Orc:2    | Reached skill level 10 in Fighting
 20713 | Orc:2    | Found a staircase to the Elven Halls.
 21320 | Orc:2    | Found Avusmilu's Gadget Shop.
 21333 | Orc:2    | Noticed an orc warlord
 21373 | Orc:2    | Killed an orc warlord
 21398 | Orc:2    | Found a roughly hewn altar of Beogh.
 21966 | Orc:2    | Reached XP level 14. HP: 90/90 MP: 20/22
 22207 | Orc:2    | Found Huapom's Gadget Emporium.
 22696 | Orc:2    | Found a roughly hewn altar of Beogh.
 22916 | Orc:2    | Found Qugaq's Antique Weapon Boutique.
 22926 | Orc:2    | Found Baun's Weapon Shop.
 23041 | Orc:2    | Noticed an orc warlord
 23290 | Orc:2    | Killed an orc warlord
 23994 | Lair:4   | Got a translucent hand crossbow
 23995 | Lair:4   | Identified the +4 hand crossbow of Zeh Cunu {venom, rN+} (You found it on level 4 of the Lair of Beasts)
 24069 | Lair:4   | Reached skill level 1 in Armour
 25729 | Lair:6   | Reached skill level 10 in Dodging
 26646 | Lair:6   | Reached XP level 15. HP: 86/95 MP: 23/23
 27733 | Lair:8   | Entered Level 8 of the Lair of Beasts
 28010 | Lair:8   | Learned a level 3 spell: Ozocubu's Armour
 28154 | Lair:8   | Reached skill level 5 in Shields
 28348 | Lair:8   | Found a staircase to the Slime Pits.
 28440 | Lair:8   | Reached skill level 1 in Charms
 29615 | Lair:8   | Paralysed by a hornet for 2 turns
 29879 | Lair:8   | Reached XP level 16. HP: 92/100 MP: 25/25
 30431 | Lair:3   | Found a runed door.
 30612 | Lair:3   | Identified The Advanced Guide to Spellcasting
 30626 | Lair:3   | Found a staircase to the Shoals.
 31145 | Lair:3   | Killed Rupert
 31331 | Lair:3   | Found a staircase to the Snake Pit.
 31700 | Lair:1   | Learned a level 5 spell: Metabolic Englaciation
 31989 | D:13     | Found a basalt altar of Yredelemnul.
 32001 | D:13     | Reached skill level 15 in Stealth
 32013 | D:13     | Paralysed by a vampire knight for 2 turns
 32177 | D:13     | Found a gate to the Vaults.
 33308 | D:14     | Got a jewelled plate armour
 33319 | D:14     | Identified the +14 plate armour of the Gate {MR++ Regen+ Str-4 Int+2} (You found it on level 14 of the Dungeon)
 33424 | D:14     | Reached skill level 5 in Hexes
 33424 | D:14     | Reached skill level 5 in Ice Magic
 34007 | D:15     | Entered Level 15 of the Dungeon
 34007 | D:15     | Noticed Sonja
 34008 | D:15     | Found Zinah's Armour Shoppe.
 34013 | D:15     | Killed Sonja
 34073 | D:14     | Reached skill level 5 in Armour
 34376 | D:15     | Reached XP level 17. HP: 106/106 MP: 26/26
 34391 | D:15     | Noticed Azrael
 34442 | D:15     | Killed Azrael
 34689 | D:15     | Noticed Roxanne
 35175 | D:15     | Found a staircase to the Depths.
 35817 | Depths:1 | Entered Level 1 of the Depths
 36248 | Depths:1 | Noticed a tengu reaver
 36315 | Depths:1 | Killed a tengu reaver
 36426 | Depths:1 | Found a gateway to Hell.
 36884 | Depths:1 | HP: 1/106 [ice dragon (10)]
 36885 | Depths:1 | Mangled by an ice dragon

Vault maps used:
D:1:      minmay_arrival_jagged
D:2:      fedhas_altar_3, grunt_temple_overflow_open, first_bread, uniq_iyjb,
          uniq_sigmund, uniq_terence
D:3:      tgw_xom, uniq_robin
D:4:      black_bear_nest_1, tso_oasis_becter, overflow_temple_1_default,
          uniq_edmund
D:6:      makhleb_grotto_becter, zin_statuary, uniq_pikel
D:7:      nicolae_overflow_crystal_walls, minmay_temple_entry_butterflies
D:10:     minmay_klotski, orc_0_dummy, serial_glass, glass_columns_a,
          glass_columns_a, uniq_erolcha, uniq_snorg
D:11:     lair_0_dummy, hangedman_fish_farm, ashenzari_altar_1, uniq_psyche
D:12:     serial_shops, shop
D:13:     lemuel_vampire_tower, david_vaults_2, enter_bailey_7,
          grunt_ministairs_14
D:14:     nicolae_lava_and_water, moated_statue
D:15:     hangedman_depths_entry_try_elsewhere_first, serial_shops,
          nicolae_shop_temple_entry_statues_fountains, serial_co_window_serial,
          co_window_of_opportunity_a, co_window_paths_b, co_window_corner_a,
          co_window_corner_a, co_window_corner_a, co_window_broadway_c,
          co_window_unsneaky_path_e, co_window_2corner, co_window_cross_4,
          glass_columns_a, glass_columns_a, uniq_roxanne, uniq_azrael,
          uniq_sonja
Temple:   triangle_lava_temple_12
Lair:1:   st_stairs_3, grunt_forest_stairs_basic, lemuel_fruit_fields,
          grunt_megastairs_3, uniq_nergalle
Lair:2:   enter_volcano_1, grunt_megastairs_4
Lair:3:   minmay_shoals_entry_centaurs, minmay_snake_entry_guardpost_medium,
          pf_torpor_hydra, lemuel_fruit_tree, uniq_fannar, uniq_rupert
Lair:5:   beast_lair_carwin_6
Lair:6:   serial_bayou_lagoon_a, minivault_25
Lair:7:   kennysheep_catoblepas_arena, lemuel_fruit_fields, lemuel_fruit_fields
Lair:8:   hangedman_lair_caniforms_friends, hangedman_lair_tendril_chambers,
          nicolae_slime_entry_slimehenge, serial_bayou_lagoon_b
Orc:1:    basic_altar, portal_ice_cave_entry_ice_beasts, uniq_maurice
Orc:2:    pubby_orc_utopia
Depths:1: lemuel_flame_loot_2, minmay_misc_feat_ornament,
          hangedman_coc_ice_floe, hex_medium, hangedman_abyss_or_decor_clamps,
          nemelex_diamond_rough_becter
IceCv:    ice_cave_statue_garden_02
Volcano:  volcano_overflow

Skill      XL: |  1  2  3  4  5  6  7  8  9 10 11 12 13 14 15 16 17 |
---------------+----------------------------------------------------+-----
Short Blades   | 3 4 6 9 10 14 | 14.0
Dodging        | 2 4 5 6 8 11 13 14 | 14.0
Stealth        | 6 7 10 13 14 15 | 15.3
Fighting       | 3 4 6 7 8 11 12 | 12.1
Throwing       | 3 4 8 |  8.0
Shields        | 3 6 7 |  7.0
Evocations     | 6 7 |  7.0
Invocations    | 3 7 9 |  9.0
Ice Magic      | 4 5 |  5.0
Hexes          | 4 5 |  5.0
Spellcasting   | 1 3 4 |  4.8
Conjurations   | 3 |  3.1
Armour         | 2 5 9 |  9.0
Charms         | 3 4 |  4.0

Action                   |  1- 3 |  4- 6 |  7- 9 | 10-12 | 13-15 | 16-18 || total
-------------------------+-------+-------+-------+-------+-------+-------++-------
Melee: Dagger            |    78 |   154 |   363 |   948 |   421 |       ||  1964
       Short sword       |       |       |    49 |    47 |  2676 |  2221 ||  4993
 Fire: Blowgun           |       |    21 |    48 |     3 |       |       ||    72
Throw: Tomahawk          |       |       |    39 |     8 |    23 |     5 ||    75
       Throwing net      |       |       |       |    11 |       |       ||    11
 Cast: Ensorcelled Hiber |       |       |       |     9 |    51 |    25 ||    85
       Dazzling Spray    |       |       |       |       |    12 |    11 ||    23
       Ozocubu's Armour  |       |       |       |       |     8 |     6 ||    14
Invok: Slouch            |       |       |       |     2 |     8 |    12 ||    22
Evoke: Wand              |       |       |       |     7 |    18 |    14 ||    39
  Use: Scroll            |     6 |     6 |    11 |    17 |    18 |     4 ||    62
       Potion            |       |       |     1 |     2 |     8 |     2 ||    13
 Stab: Sleeping          |     8 |    13 |    15 |    45 |   101 |    37 ||   219
       Distracted        |       |       |     1 |     4 |     6 |     2 ||    13
       Held in net/web   |       |       |       |     1 |       |       ||     1
       Invisible         |       |       |       |       |     5 |       ||     5
  Eat: Chunk             |     8 |     6 |    15 |    19 |    39 |    10 ||    97
       Pizza             |       |       |       |       |     3 |     1 ||     4
       Royal jelly       |       |       |       |       |       |     5 ||     5
